 Dungeon Crawl Stone Soup version 0.25-a0-294-gea9b1ad378 (webtiles) character file.

Game seed: 17495136224214028036, levelgen mode: classic

351 Borgoz the Ruffian (level 6, -3/52 HPs)
             Began as a Ghoul Monk on Dec 17, 2019.
             Slain by an orc
             ... wielding a +0 flail
              (11 damage)
             ... on level 3 of the Dungeon.
             The game lasted 00:04:04 (2885 turns).

Borgoz the Ruffian (Ghoul Monk)                     Turns: 2885, Time: 00:04:05

Health: -3/52      AC:  3    Str: 15    XL:     6   Next: 61%
Magic:  5/5        EV: 13    Int: 10    God:
Gold:   175        SH:  4    Dex: 13    Spells: 5/5 levels left

rFire    . . .     SeeInvis .     - Unarmed
rCold    + . .     Gourm    .   j - +0 buckler
rNeg     + + +     Faith    .   k - +0 leather armour
rPois    ∞         Spirit   .   (no helmet)
rElec    .         Reflect  .   (no cloak)
rCorr    .         Harm     .   (no gloves)
MR       .....                  (no boots)
Stlth    ++........             (no amulet)
HPRegen  0.00/turn              i - ring of positive energy (curse)
MPRegen  0.09/turn              (no ring)

@: brilliant, flying, rotting
A: rotting body, claws 1, carnivore, cold resistance 1, negative energy
resistance 3, inhibited regeneration, torment resistance, unbreathing
a: no special abilities


You were on level 3 of the Dungeon.
You were not hungry.

You visited 1 branch of the dungeon, and saw 4 of its levels.

You collected 175 gold pieces.

Inventory:

Armour
 j - a +0 buckler (worn)
 k - a +0 leather armour (worn)
Jewellery
 i - a cursed ring of positive energy (left claw)
Wands
 l - a wand of polymorph (10)
Scrolls
 c - 3 scrolls of teleportation {unknown}
 f - 4 scrolls of identify {unknown}
Potions
 e - a potion of degeneration {unknown}
 g - a potion of curing
 h - 4 potions of flight
Comestibles
 b - 7 rations


   Skills:
 + Level 4.2 Fighting
 + Level 2.0 Armour
 * Level 4.1 Dodging
 - Level 2.1 Stealth
 + Level 1.7 Shields
 * Level 5.0 Unarmed Combat


You had 5 spell levels left.
You didn't know any spells.
Your spell library was empty.

Dungeon Overview and Level Annotations

Branches:
Dungeon (4/15)
 Temple: D:4-7

Altars:
Zin

Annotations:
D:4 Pikel


Innate Abilities, Weirdness & Mutations

Your body is rotting away.
You thrive on raw meat.
You are immune to poison.
You have sharp fingernails.
You are carnivorous and can eat meat at any time.
Your flesh is cold resistant. (rC+)
You are immune to negative energy. (rN+++)
You do not regenerate when monsters are visible.
You are immune to unholy pain and torment.
You can survive without breathing.


Message History

You scratch the slave.
The slave is severely wounded.
You completely miss the slave.
The slave is severely wounded.
The slave hits you!
* * * LOW HITPOINT WARNING * * *
You scratch the slave but do no damage.
The slave is severely wounded.
The slave barely misses you.
You claw the slave!
The slave is almost dead.
The slave hits you.
* * * LOW HITPOINT WARNING * * *
You feel better. The slave hits you!
* * * LOW HITPOINT WARNING * * *
You claw the slave!
You kill the slave!
That felt strangely unrewarding.
You scratch the orc but do no damage. The orc hits you with a +0 flail!
You die...

...#####....##.# #....###..#..
...########..#.######....# ##(##.
.........................####.###
#...########.#...###.............
#.#.#### #..##.................
#.#....######....>###............
#.###................########.###
#.###.####.#####o###.# #>#
#.##..# #...###@###.#### #.#
#....## ###............## #.##
#..### ######.####...####..# ####
#....(..)....#.## #
#######......#..# # ##........# #
##....##.# # #....#### # #....#


You could see an orc.

Vanquished Creatures
  A sky beast (D:3)
  A slave (D:3)
  Natasha (thrice) (D:2)
  An orc wizard (D:4)
  5 adders
  A shadow imp (D:3)
  An ooze (D:3)
  A worm (D:3)
  5 dart slugs
  3 leopard geckos
  2 orcs
  2 giant cockroaches
  11 goblins
  11 hobgoblins
  8 jackals
  6 kobolds
  10 bats
  10 frilled lizards
  12 rats
94 creatures vanquished.

Notes
Turn   | Place    | Note
-------+----------+-------------------------------------------
     0 | D:1      | Borgoz the Ghoul Monk began the quest for the Orb.
     0 | D:1      | Reached XP level 1. HP: 19/19 MP: 0/0
    76 | D:1      | Reached XP level 2. HP: 26/26 MP: 1/1
   527 | D:1      | Reached XP level 3. HP: 31/31 MP: 2/2
  1151 | D:2      | Noticed Natasha
  1157 | D:2      | Killed Natasha
  1157 | D:2      | Reached skill level 1 in Armour
  1157 | D:2      | Reached skill level 4 in Unarmed Combat
  1157 | D:2      | Reached XP level 4. HP: 39/39 MP: 3/3
  1588 | D:2      | Reached skill level 1 in Shields
  1671 | D:2      | Noticed Natasha
  1679 | D:2      | Killed Natasha
  1679 | D:2      | Reached XP level 5. HP: 26/46 MP: 4/4
  1964 | D:2      | Found a glowing silver altar of Zin.
  1982 | D:2      | Noticed Natasha
  1988 | D:2      | Killed Natasha
  2238 | D:3      | Noticed a sky beast
  2258 | D:3      | Killed a sky beast
  2258 | D:3      | Reached XP level 6. HP: 21/52 MP: 5/5
  2597 | D:3      | Reached skill level 5 in Unarmed Combat
  2788 | D:3      | Found a faded altar of an unknown god.
  2840 | D:4      | Noticed a slave
  2841 | D:4      | Noticed a slave
  2842 | D:4      | Noticed Pikel
  2883 | D:3      | Killed a slave
  2885 | D:3      | Slain by an orc

Levels and vault maps discovered:
D:1:      shiori_arrival_oz, layout_basic
D:2:      minmay_spotlight, layout_loops_ring, zin_scriptorium,
          chequers_serial_rivers_micro_c, uniq_natasha
D:3:      layout_rooms, chequers_ecumenical_altar_simple, minmay_unequal
D:4:      layout_cave_pools, lemuel_doored_altar, first_ration,
          minmay_misc_feat_more_columns, uniq_edmund, uniq_pikel

Skill      XL: |  1  2  3  4  5  6 |
---------------+-------------------+-----
Dodging        | 3 4 |  4.1
Armour         | 1 2 |  2.0
Unarmed Combat | 4 5 |  5.0
Shields        | 1 |  1.7
Fighting       | 4 |  4.2
Stealth        | |  2.1

Action                   |  1- 3 |  4- 6 || total
-------------------------+-------+-------++-------
Melee: Unarmed           |    85 |   235 ||   320
       Punch             |     3 |     2 ||     5
  Use: Potion            |       |     5 ||     5
 Stab: Sleeping          |     7 |     3 ||    10
  Eat: Chunk             |     4 |    14 ||    18
Armor: Robe              |     6 |    19 ||    25
       Leather armour    |       |    21 ||    21
Dodge: Dodged            |    51 |   124 ||   175
Block: Buckler           |       |    16 ||    16

Table legend:
 A = Non-vault XP
 B = Vault XP
 C = Vault XP percentage of total XP
 D = Non-vault monster count
 E = Vault monster count
 F = Vault count percentage of total count
                 A         B        C        D         E       F
            +---------+---------+-------+---------+---------+-------
      Total |     446 |      56 |  11.2 |      80 |      13 |  14.0
            +---------+---------+-------+---------+---------+-------
        D:1 |      51 |       4 |   7.3 |      31 |       2 |   6.1
        D:2 |     139 |      48 |  25.7 |      23 |       8 |  25.8
        D:3 |     220 |       4 |   1.8 |      24 |       3 |  11.1
        D:4 |      36 |       0 |   0.0 |       2 |       0 |   0.0
            +---------+---------+-------+---------+---------+-------
